AoeStats
← neb

MegaRandom

505396207Analyzed
2v2 RM · 24d ago on Sep 9, 2026· 65m 52s· 4 players
Game mode
Random Map
Map size
Medium (4 player)
Population
200
Speed
Normal
Resources
Standard
Victory
Conquest
Starting age
Dark Age
Ending age
Imperial Age
RankedLock teamsTeams togetherTeam positionsShared explorationLock speedFull tech treeHidden civsTurbo modeCheats
Victory
Defeat
🇦🇺 Hindustanis · Australia
829
+14
🇦🇺 Khmer · Australia
760
+16
🇦🇷 Saracens · Argentina
807
-16
🇺🇸 Khmer · United States
752
-14
neb
9:36 Feudal Age
10:02 Horse Collar
10:10 Double-Bit Axe
12:28 Loom
17:57 Castle Age
23:36 Husbandry
23:46 Bloodlines
23:59 Heavy Plow
24:14 Bow Saw
30:12 Imperial Age
28:06 Gold Mining
28:06 Stone Mining
30:00 Wheelbarrow
32:32 Crop Rotation
32:09 Double Crossbow
33:42 Gold Shaft Mining
33:42 Stone Shaft Mining
33:51 Hand Cart
34:16 Elite Ballista Elephant
36:55 Scale Barding Armor
37:00 Forging
39:55 Chain Barding Armor
40:10 Iron Casting
45:51 Plate Barding Armor
46:16 Blast Furnace
45:29 Siege Engineers
46:25 Chemistry
52:26 Masonry
52:41 Caravan
54:57 Fortified Wall
Road Runner
1:33 Loom
10:11 Feudal Age
10:44 Horse Collar
20:13 Castle Age
23:03 Stone Mining
23:19 Heavy Plow
23:11 Gold Mining
23:53 Bloodlines
23:44 Husbandry
26:48 Double-Bit Axe
30:51 Imperial Age
28:38 Forging
28:33 Scale Barding Armor
28:44 Forging
29:34 Bow Saw
29:34 Grand Trunk Road
35:15 Iron Casting
34:45 Scale Barding Armor
34:17 Heavy Camel Rider
40:39 Chemistry
40:00 Ballistics
39:50 Fortified Wall
39:46 Siege Engineers
40:46 Two-Man Saw
40:24 Gold Shaft Mining
40:26 Stone Shaft Mining
41:20 Imperial Camel Rider
43:47 Blast Furnace
43:07 Chain Barding Armor
50:52 Chain Barding Armor
50:24 Fletching
50:34 Padded Archer Armor
52:25 Caravan
tk421
9:41 Loom
12:44 Feudal Age
13:05 Horse Collar
13:13 Double-Bit Axe
17:26 Castle Age
18:19 Bow Saw
18:11 Heavy Plow
18:40 Gold Mining
22:55 Wheelbarrow
22:06 Town Watch
21:51 Pikeman
28:46 Imperial Age
26:41 Hand Cart
26:36 Town Patrol
26:55 Bloodlines
26:52 Scale Barding Armor
27:00 Forging
29:09 Stone Mining
29:54 Gold Shaft Mining
29:52 Chain Barding Armor
36:27 Plate Barding Armor
36:28 Iron Casting
35:32 Halberdier
35:41 Elite Battle Elephant
44:41 Redemption
49:18 Blast Furnace
48:18 Scale Mail Armor
48:19 Padded Archer Armor
55:25 Chain Mail Armor
SHUYING10
8:54 Feudal Age
7:11 Loom
9:30 Double-Bit Axe
11:30 Horse Collar
18:12 Castle Age
17:07 Town Watch
17:31 Gold Mining
17:33 Stone Mining
20:12 Town Patrol
20:47 Wheelbarrow
21:31 Wheelbarrow
24:19 Bow Saw
29:30 Heavy Plow
30:15 Scale Barding Armor
30:12 Padded Archer Armor
33:33 Imperial Age
32:20 Bimaristan
32:44 Husbandry
32:55 Bloodlines
33:07 Hand Cart
35:59 Block Printing
41:07 Gold Shaft Mining
40:09 Elite Mameluke
41:02 Padded Archer Armor
41:08 Scale Barding Armor
41:33 Conscription
41:30 Squires
41:16 Gambesons
40:53 Pikeman
41:22 Elite Mameluke
43:20 Elite Skirmisher
45:03 Ballistics
49:31 Murder Holes
50:40 Chemistry
53:44 Scale Mail Armor
53:55 Forging
54:07 Chain Barding Armor
54:06 Leather Archer Armor
57:32 Chain Mail Armor
57:53 Iron Casting
59:54 Onager
Connection lost

Rejoining the realm…

Still unreachable

The connection could not be restored.

Session expired

The server has moved on; the page needs a fresh start.